 Dungeon Crawl Stone Soup version 0.29.0-15-g675c0067aa (webtiles) character file.

Game seed: 5523814782724476441

176700 qw the Peltast (level 17, -5/166 (168) HPs)
             Began as a Minotaur Berserker on Sept 12, 2022.
             Was an Elder of Trog.
             Slain by a seven-headed hydra simulacrum (10 damage)
             ... on level 4 of the Swamp.
             The game lasted 00:13:43 (37570 turns).

qw the Peltast (Minotaur Berserker)                Turns: 37570, Time: 00:13:43

HP:   -5/166 (168)  AC: 30    Str: 30 (31) XL:     17   Next: 51%
MP:   0/16          EV:  8    Int:  4      God:    Trog [****..]
Gold: 948           SH: 19    Dex:  7      Spells: 16/16 levels left

rFire   + + +      SeeInvis .   j - +1 hand axe (flame)
rCold   + . .      Faith    .   w - +0 tower shield
rNeg    . . .      Spirit   +   v - +0 plate armour "Yraocw" {rPois Str+2 Dex-4}
rPois   +          Reflect  .   q - +2 hat
rElec   .          Harm     .   C - scarf {rC+ rF+}
rCorr   .          Rampage  .   A - +2 pair of gloves
Will    ++++.                   B - +1 pair of boots {Fly}
Stlth   ..........              h - amulet of Tiagriph {Spirit rF++}
HPRegen 1.37/turn               l - +4 ring of slaying {mikee}
MPRegen 0.15/turn               s - +4 ring of protection

@: about to teleport, strong-willed (expiring), on berserk cooldown, flying,
regenerating (expiring), lightly drained
A: horns 2, retaliatory headbutt, strong-willed 1
a: Renounce Religion, Berserk, Trog's Hand, Brothers in Arms


You were on level 4 of the Swamp.
You worshipped Trog.
Trog was greatly pleased with you.
You visited 5 branches of the dungeon, and saw 29 of its levels.

You collected 3722 gold pieces.
You spent 2774 gold pieces at shops.


Innate Abilities, Weirdness & Mutations

You have a pair of horns on your head.
You reflexively headbutt those who attack you in melee.
You are strong-willed. (Will+)


   Skills:
 - Level 19.0 Fighting
 - Level 18.0 Axes
 - Level 9.0 Throwing
 + Level 16.8 Armour
 - Level 6.0 Dodging
 - Level 20.0 Shields


You had 16 spell levels left.
You didn't know any spells.
Your spell library was empty.

Inventory:

Hand Weapons
 j - a +1 hand axe of flaming (weapon)
 m - a +5 vampiric broad axe
Missiles
 z - 15 javelins (quivered)
Armour
 g - a +1 pair of boots
 q - a +2 hat (worn)
 t - a +3 plate armour of fire resistance
 u - +2 storm dragon scales
 v - the +0 plate armour "Yraocw" (worn) {rPois Str+2 Dex-4}
   (You found it on level 13 of the Dungeon)

   Str:       It affects your strength (+2).
   Dex:       It affects your dexterity (-4).
   rPois:     It protects you from poison.
 w - a +0 tower shield (worn)
 A - a +2 pair of gloves (worn)
 B - a +1 pair of boots of flying (worn)
 C - a scarf of resistance (worn)
Jewellery
 c - an amulet of reflection
 h - the amulet of Tiagriph (around neck) {Spirit rF++}
   (You acquired it on level 5 of the Dungeon)

   [amulet of guardian spirit]

   It causes incoming damage to be divided between your reserves of health and
   magic.
   rF:        It greatly protects you from fire.
 i - an amulet of faith
 l - a +4 ring of slaying (left hand) {mikee}
 o - a ring of fire
 s - a +4 ring of protection (right hand)
 E - the ring of Xom's Best Wishes {Fly rF+}
   (You bought it in a shop on level 2 of the Orcish Mines)

   [ring of flight]

   rF:        It protects you from fire.
   Fly:       It grants you flight.
Scrolls
 b - 13 scrolls of identify
 n - 3 scrolls of brand weapon
 p - 5 scrolls of teleportation
Potions
 a - 6 potions of heal wounds
 d - 8 potions of mutation
 e - 11 potions of curing
 f - 2 potions of haste
 k - a potion of resistance
 r - 3 potions of might

Dungeon Overview and Level Annotations

Branches:
Dungeon (15/15)            Temple (0/1) D:6            Lair (5/5) D:9
  Swamp (4/4) Lair:3       Spider (3/4) Lair:3        Slime (0/5) Lair:5
    Orc (2/2) D:10            Elf (0/3) Orc:2        Vaults (0/5) D:14
 Depths (0/4) D:15

Altars:
Ashenzari
Dithmenos
Elyvilon
Fedhas
Gozag
Hepliaklqana
Kikubaaqudgha
Makhleb
Nemelex Xobeh
Okawaru
Ru
Sif Muna
Trog
Vehumet
Wu Jian
Xom
Yredelemnul
Zin
The Shining One
Jiyva

Shops:
D:4 *   D:13 [   Orc:2 !(=[:

Portals:
Hell: Lair:5

Annotations:
D:4 2 runed translucent doors, Crazy Yiuf; qw's ghost, novice GrFi
D:10 2 runed translucent doors, qw's ghost, journeyman MiBe
Lair:1 2 transporters


Message History

The vampire knight draws strength from your injuries!
The vampire knight hits you but does no damage.
You block the vampire knight's attack.
An eight-headed hydra zombie comes into view.
You slash the vampire knight! You burn the vampire knight.
The vampire knight is heavily damaged.
You slice one of the eight-headed hydra simulacrum's heads off!
You slash the seven-headed hydra simulacrum!
You melt the seven-headed hydra simulacrum!
You block the vampire knight's attack. The vampire knight closely misses you.
The seven-headed hydra simulacrum bites you.
The seven-headed hydra simulacrum freezes you!!
You resist.
You block the seven-headed hydra simulacrum's attack.
The seven-headed hydra simulacrum bites you.
The seven-headed hydra simulacrum freezes you.
You resist.
The seven-headed hydra simulacrum bites you but does no damage.
You block the seven-headed hydra simulacrum's attack.
The seven-headed hydra simulacrum bites you.
The seven-headed hydra simulacrum freezes you!
You resist.
The seven-headed hydra simulacrum bites you but does no damage.
The vampire knight hits you with a +2 war axe of flaming!
The vampire knight bites you.
The vampire knight draws strength from your injuries!
37570 ||| READING 6 scrolls of teleportation.
As you read the scroll of teleportation, it crumbles to dust.
You feel strangely unstable.
You feel yourself speed up.
The vampire knight draws life force from you!
The vampire knight is healed by the life force!
The seven-headed hydra simulacrum completely misses you.
You block the seven-headed hydra simulacrum's attack. x3
The seven-headed hydra simulacrum bites you but does no damage.
The seven-headed hydra simulacrum closely misses you.
The seven-headed hydra simulacrum bites you.
The seven-headed hydra simulacrum freezes you!
You resist.
You die... 7777 7.7.7. 7~....~ 77777

77(D.7..$
777777.~.7 7.~~~Z7
77~..7~~~.7770~k~7
7.~~.77~.~.@Zk~¤7
7
7.~~~...¤~00V0.#7
7
77~~~~~~~~~~..7##
# 7~.~~~~~~~~~.~7
7777...~~~~~~7#
77~..~~~~~~##
77..~~~~~~~##
7~~¤~~..~###
7777~.~.777##


You could see a vampire knight (fast), a swamp dragon, 2 swamp drakes, a
seven-headed hydra simulacrum and an eight-headed hydra zombie.

Vanquished Creatures
  Rupert (D:14)
  Gastronok (D:8)
  Frances (Spider:1)
  Agnes (D:14)
  Donald (Spider:3)
  Louise (Spider:1)
  Roxanne (Spider:1)
  A fenstrider witch (Swamp:3)
  An emperor scorpion (Spider:2)
  An orc warlord (Orc:1)
  A ghost moth (Spider:2)
  A broodmother (Spider:2)
  6 eleionomae
  6 bunyips
  3 entropy weavers
  Josephine (D:15)
  10 hydras
  Erolcha (Orc:2)
  8 boulder beetles
  2 jorogumos
  2 ogre magi
  3 ghost crabs
  A spriggan air mage (Swamp:2)
  10 centaur warriors
  A radroach (Spider:2)
  A hell beast (Lair:5)
  5 two-headed ogres
  2 tengu warriors (D:13)
  2 catoblepae
  6 alligators
  A vampire mage (D:15)
  A titan zombie (D:15)
  11 skeletal warriors
  Nergalle (Lair:2)
  2 sun moths
  5 goliath frogs
  3 pharaoh ants
  A death drake (Swamp:4)
  2 steelbarb worms (Spider:3)
  A deep troll (Lair:2)
  5 swamp dragons
  A spectral hydra (Swamp:4)
  4 deep elf archers (D:13)
  A wizard (Lair:5)
  A spriggan druid (Swamp:3)
  2 deep elf pyromancers
  An orb spider (Spider:2)
  A tengu zombie (D:15)
  A lindwurm (Lair:4)
  9 orc sorcerers
  A bog body (Swamp:2)
  2 orc knights
  11 wolf spiders
  4 cyclopes
  3 oklob plants (Lair:5)
  A necromancer (D:15)
  18 ugly things
  A manticore (D:13)
  2 will-o-the-wisps (Swamp:4)
  4 elephants (Lair:2)
  9 black mambas
  A frost giant skeleton (D:15)
  A smoke demon (Lair:5)
  2 torpor snails (Spider:3)
  14 cane toads
  2 orange demons (Lair:5)
  An unseen horror (D:12)
  5 demonic crawlers
  Maggie (D:6)
  An efreet (D:14)
  2 yaktaurs
  9 komodo dragons
  7 rime drakes
  2 ice devils (Lair:5)
  2 tengu conjurers
  3 burning bushes (Lair:5)
  6 meliai
  7 trolls
  A spriggan skeleton (D:15)
  4 hornets
  A red devil (Lair:5)
  19 tarantellas
  7 tyrant leeches
  A hornet (shapeshifter) (D:13)
  2 polar bears
  2 bloated husks (Swamp:3)
  20 blink frogs
  7 slime creatures
  2 dream sheep (Lair:5)
  19 jumping spiders
  Sigmund (D:2)
  A centaur simulacrum (D:15)
  10 wraiths
  2 shadows (D:12)
  40 yaks
  3 spriggans
  12 culicivoras
  5 wyverns
  3 basilisks
  26 redbacks
  17 vampire mosquitoes
  2 wargs (Orc:1)
  14 swamp worms
  Edmund (D:6)
  2 acid dragons
  Menkaure (D:6)
  4 hell hounds (Lair:5)
  14 water moccasins
  6 swamp drakes
  3 sky beasts (D:7)
  27 orc warriors
  An ice beast (D:7)
  4 black bears
  12 ogres
  18 wolves
  19 centaurs
  2 phantoms (D:7)
  19 bullfrogs
  5 gnoll sergeants
  4 wights (D:7)
  12 killer bees
  A vampire bat (D:9)
  3 howler monkeys
  3 electric eels
  2 jellies
  15 hounds
  3 gnoll boudas
  22 orc priests
  Ijyb (D:3)
  Jessica (D:2)
  2 iguanas
  Natasha (thrice) (D:2)
  31 orc wizards
  43 gnolls
  11 adders
  A river rat (D:5)
  2 white imps
  An ufetubus (D:6)
  6 worms
  A dart slug (D:1)
  80 orcs
  5 bats
  A bat skeleton (D:9)
  5 bat zombies (D:9)
  4 endoplasms
  4 giant cockroaches
  4 goblins
  3 hobgoblins
  5 jackals
  10 kobolds
  4 quokkas
  6 ball pythons
  7 frilled lizards
  5 rats
928 creatures vanquished.

Vanquished Creatures (collateral kills)
  An entropy weaver (Spider:2)
  5 hydras
  2 boulder beetles (D:13)
  An ogre mage (Orc:2)
  A centaur warrior (D:13)
  4 orb spiders
  2 orc sorcerers (Orc:2)
  An elephant (Lair:4)
  A jumping spider (Spider:3)
  A culicivora (Spider:1)
  A spriggan (Swamp:2)
  2 orc warriors (Orc:1)
  An ogre (Orc:2)
  An orc (Orc:1)
24 creatures vanquished.

Vanquished Creatures (others)
  A bog body (Swamp:4)
  2 bloated husks
  A tarantella (Spider:2)
  2 swamp worms
  18 foxfires (Swamp:4)
  14 fungi
  56 plants
  2 withered plants (D:15)
96 creatures vanquished.

Grand Total: 1048 creatures vanquished

Notes
Turn   | Place    | Note
-------+----------+-------------------------------------------
     0 | D:1      | qw the Minotaur Berserker began the quest for the Orb.
     0 | D:1      | Reached XP level 1. HP: 19/19 MP: 0/0
     0 | D:1      | 0 ||| qw: Version: 0.1-a-119-g272c26d
     0 | D:1      | 0 ||| qw: Game counter: 10885
     0 | D:1      | 0 ||| qw: Always use a shield: true
     0 | D:1      | 0 ||| qw: Do Orc after D:15 true
     0 | D:1      | 0 ||| qw: Do second Lair branch before Depths: true
     0 | D:1      | 0 ||| qw: Lair rune preference: random
     0 | D:1      | 0 ||| qw: Plans: Normal
     0 | D:1      | 0 ||| PLANNING D:1-11
   341 | D:1      | 341 ||| Stepping ~*~*~tactically~*~*~ (hiding).
   351 | D:1      | Reached XP level 2. HP: 23/26 MP: 1/1
   384 | D:1      | Found a faded altar of an unknown god.
   483 | D:1      | 483 ||| DROPPING +0 club.
   944 | D:1      | 944 ||| DROPPING +0 whip.
  1296 | D:1      | 1296 ||| UPGRADING to +0 ring mail.
  1306 | D:1      | 1306 ||| DROPPING +0 animal skin.
  1307 | D:1      | 1307 ||| UPGRADING to +1 pair of boots.
  1312 | D:1      | 1312 ||| READING scroll labelled QIUNO NIDEVY.
  1313 | D:1      | 1313 ||| DROPPING +2 vampiric whip.
  1314 | D:1      | 1314 ||| READING scroll labelled LAACESHREUWI.
  1315 | D:1      | 1315 ||| READING scroll labelled KICZIY QOCE.
  1316 | D:1      | 1316 ||| DRINKING 2 smoky ruby potions.
  1354 | D:1      | 1354 ||| DROPPING potion of lignification.
  1410 | D:2      | Reached XP level 3. HP: 27/31 MP: 2/2
  1423 | D:2      | 1423 ||| Stepping ~*~*~tactically~*~*~ (stealth).
  1459 | D:2      | 1459 ||| Stepping ~*~*~tactically~*~*~ (stealth).
  1469 | D:2      | 1469 ||| INVOKING Berserk.
  1728 | D:2      | Noticed Sigmund
  1731 | D:2      | 1731 ||| INVOKING Berserk.
  1735 | D:2      | Killed Sigmund
  1736 | D:2      | Reached XP level 4. HP: 39/39 MP: 3/3
  1736 | D:2      | Reached XP level 5. HP: 45/45 MP: 4/4
  1802 | D:2      | Reached ** piety under Trog
  1827 | D:2      | Noticed Jessica
  1828 | D:2      | 1828 ||| Stepping ~*~*~tactically~*~*~ (stealth).
  1835 | D:2      | Killed Jessica
  2003 | D:2      | Noticed Natasha
  2004 | D:2      | 2004 ||| Stepping ~*~*~tactically~*~*~ (hiding).
  2007 | D:2      | 2007 ||| INVOKING Berserk.
  2009 | D:2      | Killed Natasha
  2010 | D:2      | Reached XP level 6. HP: 52/52 MP: 5/5
  2149 | D:2      | Noticed Natasha
  2150 | D:2      | 2150 ||| Stepping ~*~*~tactically~*~*~ (stealth).
  2152 | D:2      | 2152 ||| Stepping ~*~*~tactically~*~*~ (hiding).
  2154 | D:2      | 2154 ||| Stepping ~*~*~tactically~*~*~ (hiding).
  2158 | D:2      | 2158 ||| INVOKING Berserk.
  2163 | D:2      | Killed Natasha
  2415 | D:2      | Found a basalt altar of Yredelemnul.
  2472 | D:2      | 2472 ||| READING 2 scrolls labelled USHIXUW BADD.
  2473 | D:2      | 2473 ||| READING scroll labelled NOV YROD FAICI.
  2474 | D:2      | 2474 ||| READING scroll labelled HISITA QAEHYCK.
  2475 | D:2      | 2475 ||| READING scroll labelled TOBANGO GEYPNE.
  2478 | D:2      | 2478 ||| DRINKING 2 orange potions.
  2516 | D:2      | Noticed Natasha
  2517 | D:2      | 2517 ||| Stepping ~*~*~tactically~*~*~ (hiding).
  2518 | D:2      | 2518 ||| Stepping ~*~*~tactically~*~*~ (hiding).
  2519 | D:2      | 2519 ||| Stepping ~*~*~tactically~*~*~ (hiding).
  2521 | D:2      | 2521 ||| INVOKING Berserk.
  2524 | D:2      | Killed Natasha
  2665 | D:3      | 2665 ||| Stepping ~*~*~tactically~*~*~ (stealth).
  2703 | D:3      | 2703 ||| Stepping ~*~*~tactically~*~*~ (stealth).
  2723 | D:3      | 2723 ||| SWAPPING to +0 war axe.
  2731 | D:3      | 2731 ||| FLEEEEING.
  2732 | D:3      | 2732 ||| FLEEEEING.
  2733 | D:3      | 2733 ||| FLEEEEING.
  2734 | D:3      | 2734 ||| FLEEEEING.
  2735 | D:3      | 2735 ||| FLEEEEING.
  2736 | D:3      | 2736 ||| FLEEEEING.
  2737 | D:3      | 2737 ||| FLEEEEING.
  2738 | D:3      | 2738 ||| FLEEEEING.
  2739 | D:3      | 2739 ||| FLEEEEING.
  2740 | D:3      | 2740 ||| FLEEEEING.
  2741 | D:3      | 2741 ||| FLEEEEING.
  2742 | D:3      | 2742 ||| FLEEEEING.
  2834 | D:3      | 2834 ||| Stepping ~*~*~tactically~*~*~ (stealth).
  2855 | D:3      | 2855 ||| Stepping ~*~*~tactically~*~*~ (stealth).
  2856 | D:3      | 2856 ||| Stepping ~*~*~tactically~*~*~ (stealth).
  2908 | D:3      | Found a shimmering blue altar of Sif Muna.
  2920 | D:3      | 2920 ||| FLEEEEING.
  2921 | D:3      | 2921 ||| DRINKING potion of curing.
  2921 | D:3      | 2921 ||| (to cure confusion)
  2923 | D:3      | 2923 ||| FLEEEEING.
  2983 | D:3      | Found a bloodstained altar of Trog.
  2995 | D:3      | 2995 ||| Stepping ~*~*~tactically~*~*~ (stealth).
  3057 | D:3      | 3057 ||| Stepping ~*~*~tactically~*~*~ (stealth).
  3058 | D:3      | 3058 ||| Stepping ~*~*~tactically~*~*~ (stealth).
  3065 | D:3      | 3065 ||| Stepping ~*~*~tactically~*~*~ (stealth).
  3066 | D:3      | 3066 ||| INVOKING Berserk.
  3069 | D:3      | Reached skill level 9 in Axes
  3171 | D:3      | Found a sparkling altar of Nemelex Xobeh.
  3246 | D:3      | 3246 ||| Stepping ~*~*~tactically~*~*~ (stealth).
  3261 | D:3      | 3261 ||| Stepping ~*~*~tactically~*~*~ (stealth).
  3263 | D:3      | 3263 ||| Stepping ~*~*~tactically~*~*~ (hiding).
  3267 | D:3      | 3267 ||| INVOKING Berserk.
  3275 | D:3      | Reached XP level 7. HP: 60/60 MP: 6/6
  3578 | D:3      | Noticed Ijyb
  3579 | D:3      | 3579 ||| Stepping ~*~*~tactically~*~*~ (hiding).
  3582 | D:3      | 3582 ||| INVOKING Berserk.
  3585 | D:3      | Killed Ijyb
  3848 | D:3      | 3848 ||| UPGRADING to +0 scale mail.
  3858 | D:3      | 3858 ||| DROPPING +0 ring mail.
  3859 | D:3      | 3859 ||| READING scroll labelled PEOR JOJUAMEO.
  3860 | D:3      | 3860 ||| READING scroll of teleportation.
  3889 | D:4      | 3889 ||| Stepping ~*~*~tactically~*~*~ (stealth).
  3893 | D:4      | 3893 ||| Stepping ~*~*~tactically~*~*~ (stealth).
  3896 | D:4      | 3896 ||| Stepping ~*~*~tactically~*~*~ (stealth).
  3900 | D:4      | 3900 ||| Stepping ~*~*~tactically~*~*~ (stealth).
  3990 | D:4      | 3990 ||| INVOKING Berserk.
  4122 | D:4      | 4122 ||| Stepping ~*~*~tactically~*~*~ (stealth).
  4123 | D:4      | 4123 ||| Stepping ~*~*~tactically~*~*~ (stealth).
  4128 | D:4      | 4128 ||| Stepping ~*~*~tactically~*~*~ (stealth).
  4129 | D:4      | 4129 ||| Stepping ~*~*~tactically~*~*~ (stealth).
  4232 | D:4      | Found Boumn's Bounteous Boutique.
  4239 | D:4      | 4239 ||| BUYING +0 broad axe (52 gold).
  4239 | D:4      | Bought a +0 broad axe for 52 gold pieces
  4239 | D:4      | 4239 ||| BUYING scroll of brand weapon (123 gold).
  4239 | D:4      | Bought a scroll of brand weapon for 123 gold pieces
  4239 | D:4      | 4239 ||| SWAPPING to +0 broad axe.
  4240 | D:4      | 4240 ||| DROPPING +0 war axe.
  4241 | D:4      | 4241 ||| READING scroll of brand weapon.
  4241 | D:4      | 4241 ||| BRANDING +0 broad axe.
  4283 | D:4      | 4283 ||| Stepping ~*~*~tactically~*~*~ (stealth).
  4348 | D:4      | 4348 ||| Stepping ~*~*~tactically~*~*~ (stealth).
  4349 | D:4      | 4349 ||| Stepping ~*~*~tactically~*~*~ (stealth).
  4522 | D:4      | Found a runed translucent door.
  4523 | D:4      | Noticed qw's ghost (novice GrFi)
  4650 | D:4      | Found a runed translucent door.
  4651 | D:4      | Noticed Crazy Yiuf
  4716 | D:4      | 4716 ||| UPGRADING to +0 kite shield.
  4721 | D:4      | 4721 ||| UPGRADING to +6 ring of dexterity.
  4722 | D:4      | 4722 ||| READING scroll labelled JYTRAS DUTEF.
  4731 | D:5      | Entered Level 5 of the Dungeon
  4732 | D:5      | 4732 ||| PLANNING SEWER
  4734 | D:5      | 4734 ||| STAIRDANCE
  4756 | D:5      | 4756 ||| STAIRDANCE
  4765 | D:4      | Reached skill level 1 in Shields
  4781 | D:5      | 4781 ||| STAIRDANCE
  4841 | D:5      | 4841 ||| STAIRDANCE
  4843 | D:4      | 4843 ||| INVOKING Berserk.
  4975 | D:5      | 4975 ||| STAIRDANCE
  5041 | D:5      | 5041 ||| STAIRDANCE
  5046 | D:4      | Reached skill level 2 in Shields
  5114 | D:5      | Found a blossoming altar of Fedhas.
  5249 | D:5      | 5249 ||| Stepping ~*~*~tactically~*~*~ (stealth).
  5258 | D:5      | Reached skill level 3 in Shields
  5267 | D:5      | 5267 ||| Stepping ~*~*~tactically~*~*~ (stealth).
  5275 | D:5      | Reached *** piety under Trog
  5276 | D:5      | 5276 ||| Stepping ~*~*~tactically~*~*~ (stealth).
  5293 | D:5      | 5293 ||| Stepping ~*~*~tactically~*~*~ (stealth).
  5294 | D:5      | 5294 ||| Stepping ~*~*~tactically~*~*~ (stealth).
  5359 | D:5      | Reached skill level 4 in Shields
  5367 | D:5      | 5367 ||| Stepping ~*~*~tactically~*~*~ (stealth).
  5378 | D:5      | 5378 ||| RIP SEWER
  5380 | D:5      | 5380 ||| PLANNING D:1-11
  5386 | D:5      | 5386 ||| Stepping ~*~*~tactically~*~*~ (stealth).
  5387 | D:5      | 5387 ||| INVOKING Berserk.
  5667 | D:5      | Reached XP level 8. HP: 68/68 MP: 7/7
  5709 | D:5      | Reached skill level 5 in Shields
  5753 | D:5      | 5753 ||| INVOKING Berserk.
  5987 | D:5      | 5987 ||| INVOKING Berserk.
  5992 | D:5      | Reached skill level 6 in Shields
  6159 | D:5      | Found a broken altar of Ashenzari.
  6430 | D:5      | 6430 ||| UPGRADING to +1 hat.
  6435 | D:5      | 6435 ||| UPGRADING to +0 chain mail.
  6445 | D:5      | 6445 ||| DROPPING +0 scale mail.
  6446 | D:5      | 6446 ||| READING scroll labelled PEAROK XINNUCU.
  6446 | D:5      | Identified a scroll of acquirement
  6446 | D:5      | 6446 ||| ACQUIRING amulet of Tiagriph {Spirit rF++}
  6446 | D:5      | Acquired the amulet of Tiagriph {Spirit rF++}
  6448 | D:5      | 6448 ||| UPGRADING to amulet of Tiagriph {Spirit rF++}.
  6453 | D:5      | 6453 ||| READING scroll labelled SEBOFF IXUUGH.
  6454 | D:5      | 6454 ||| DRINKING 2 black potions.
  6454 | D:5      | Gained mutation: You are strong-willed. (Will+) [potion of
                  | mutation]
  6455 | D:5      | 6455 ||| READING 3 scrolls of identify.
  6455 | D:5      | 6455 ||| IDENTIFYING green potion
  6456 | D:5      | 6456 ||| READING 2 scrolls of identify.
  6456 | D:5      | 6456 ||| IDENTIFYING sapphire potion
  6457 | D:5      | 6457 ||| DROPPING potion of attraction.
  6484 | D:6      | Found a staircase to the Ecumenical Temple.
  6552 | D:6      | Reached skill level 3 in Armour
  6562 | D:6      | 6562 ||| INVOKING Berserk.
  6567 | D:6      | Reached skill level 7 in Shields
  6595 | D:6      | HP: 13/68 [gnoll sergeant/+0 spear (5)]
  6596 | D:6      | 6596 ||| READING scroll of teleportation.
  6597 | D:6      | 6597 ||| DRINKING 3 potions of heal wounds.
  6602 | D:6      | 6602 ||| STAIRDANCE
  6605 | D:5      | Reached skill level 1 in Throwing
  6765 | D:6      | 6765 ||| STAIRDANCE
  6817 | D:6      | Noticed Edmund
  6817 | D:6      | Noticed Maggie
  6818 | D:6      | 6818 ||| Stepping ~*~*~tactically~*~*~ (stealth).
  6822 | D:6      | 6822 ||| INVOKING Berserk.
  6825 | D:6      | Killed Edmund
  6826 | D:6      | Reached skill level 6 in Fighting
  6837 | D:6      | Killed Maggie
  6838 | D:6      | Reached XP level 9. HP: 43/78 MP: 4/8
  7040 | D:6      | Found a radiant altar of Vehumet.
  7041 | D:6      | Found an opulent altar of Gozag.
  7043 | D:6      | Found a shadowy altar of Dithmenos.
  7068 | D:6      | 7068 ||| Stepping ~*~*~tactically~*~*~ (hiding).
  7069 | D:6      | 7069 ||| Stepping ~*~*~tactically~*~*~ (hiding).
  7156 | D:6      | 7156 ||| READING scroll of enchant weapon.
  7156 | D:6      | 7156 ||| ENCHANTING +0 vampiric broad axe.
  7424 | D:6      | Noticed Menkaure
  7428 | D:6      | 7428 ||| INVOKING Berserk.
  7430 | D:6      | Killed Menkaure
  7656 | D:6      | 7656 ||| UPGRADING to +0 plate armour.
  7666 | D:6      | 7666 ||| DROPPING +0 chain mail.
  7667 | D:6      | 7667 ||| UPGRADING to +4 ring of protection.
  7668 | D:6      | 7668 ||| DRINKING 2 fuming red potions.
  7669 | D:6      | 7669 ||| DRINKING 2 bubbling amethyst potions.
  7770 | D:6      | 7770 ||| READING 2 scrolls of identify.
  7770 | D:6      | 7770 ||| IDENTIFYING lumpy silvery potion
  7771 | D:6      | 7771 ||| DROPPING potion of flight.
  7772 | D:6      | 7772 ||| DROPPING potion of invisibility.
  7773 | D:6      | 7773 ||| DROPPING potion of ambrosia.
  7834 | D:7      | Reached skill level 8 in Shields
  7849 | D:7      | Reached **** piety under Trog
  7852 | D:7      | 7852 ||| INVOKING Berserk.
  7877 | D:7      | 7877 ||| Stepping ~*~*~tactically~*~*~ (stealth).
  7882 | D:7      | 7882 ||| FLEEEEING.
  7946 | D:7      | 7946 ||| INVOKING Berserk.
  8139 | D:7      | 8139 ||| Stepping ~*~*~tactically~*~*~ (hiding).
  8140 | D:7      | 8140 ||| Stepping ~*~*~tactically~*~*~ (hiding).
  8216 | D:7      | Reached skill level 12 in Axes
  8381 | D:7      | 8381 ||| Stepping ~*~*~tactically~*~*~ (hiding).
  8387 | D:7      | 8387 ||| INVOKING Berserk.
  8664 | D:7      | Found a glowing silver altar of Zin.
  8664 | D:7      | Found a glowing golden altar of the Shining One.
  8665 | D:7      | Found a white marble altar of Elyvilon.
  8683 | D:7      | Reached skill level 9 in Shields
  8712 | D:7      | Identified the +2 ring mail "Guskiy" {Fly rF+}
  8944 | D:7      | 8944 ||| INVOKING Berserk.
  9153 | D:7      | 9153 ||| UPGRADING to +0 pair of gloves.
  9197 | D:8      | Noticed Gastronok
  9198 | D:8      | 9198 ||| Stepping ~*~*~tactically~*~*~ (hiding).
  9204 | D:8      | Reached XP level 10. HP: 83/86 MP: 9/9
  9204 | D:8      | 9204 ||| Stepping ~*~*~tactically~*~*~ (hiding).
  9205 | D:8      | 9205 ||| Stepping ~*~*~tactically~*~*~ (hiding).
  9207 | D:8      | 9207 ||| INVOKING Berserk.
  9220 | D:8      | Killed Gastronok
  9233 | D:8      | 9233 ||| FLEEEEING.
  9239 | D:8      | 9239 ||| Stepping ~*~*~tactically~*~*~ (stealth).
  9240 | D:8      | 9240 ||| Stepping ~*~*~tactically~*~*~ (stealth).
  9241 | D:8      | 9241 ||| STAIRDANCE
  9364 | D:8      | 9364 ||| STAIRDANCE
  9399 | D:8      | 9399 ||| READING scroll of enchant weapon.
  9399 | D:8      | 9399 ||| ENCHANTING +1 vampiric broad axe.
  9462 | D:8      | 9462 ||| Stepping ~*~*~tactically~*~*~ (hiding).
  9463 | D:8      | 9463 ||| Stepping ~*~*~tactically~*~*~ (hiding).
  9668 | D:8      | 9668 ||| FLEEEEING.
  9669 | D:8      | 9669 ||| FLEEEEING.
  9670 | D:8      | 9670 ||| FLEEEEING.
  9671 | D:8      | 9671 ||| FLEEEEING.
  9672 | D:8      | 9672 ||| FLEEEEING.
  9673 | D:8      | 9673 ||| FLEEEEING.
  9674 | D:8      | 9674 ||| FLEEEEING.
  9675 | D:8      | 9675 ||| FLEEEEING.
  9676 | D:8      | 9676 ||| FLEEEEING.
  9677 | D:8      | 9677 ||| FLEEEEING.
  9678 | D:8      | 9678 ||| FLEEEEING.
  9679 | D:8      | 9679 ||| FLEEEEING.
  9680 | D:8      | 9680 ||| FLEEEEING.
  9822 | D:8      | 9822 ||| Stepping ~*~*~tactically~*~*~ (hiding).
 10051 | D:8      | 10051 ||| DROPPING +1 hat.
 10083 | D:9      | Found a staircase to the Lair.
 10261 | D:9      | 10261 ||| FLEEEEING.
 10262 | D:9      | 10262 ||| FLEEEEING.
 10272 | D:9      | 10272 ||| FLEEEEING.
 10273 | D:9      | 10273 ||| FLEEEEING.
 10274 | D:9      | 10274 ||| FLEEEEING.
 10275 | D:9      | 10275 ||| FLEEEEING.
 10276 | D:9      | 10276 ||| FLEEEEING.
 10277 | D:9      | 10277 ||| FLEEEEING.
 10278 | D:9      | 10278 ||| FLEEEEING.
 10279 | D:9      | 10279 ||| FLEEEEING.
 10280 | D:9      | 10280 ||| FLEEEEING.
 10281 | D:9      | 10281 ||| FLEEEEING.
 10282 | D:9      | 10282 ||| FLEEEEING.
 10283 | D:9      | 10283 ||| FLEEEEING.
 10284 | D:9      | 10284 ||| FLEEEEING.
 10377 | D:9      | Found a shimmering altar of Xom.
 10490 | D:9      | Noticed a green ugly thing
 10491 | D:9      | 10491 ||| Stepping ~*~*~tactically~*~*~ (stealth).
 10541 | D:9      | Found an ancient bone altar of Kikubaaqudgha.
 10644 | D:9      | 10644 ||| Stepping ~*~*~tactically~*~*~ (hiding).
 10649 | D:9      | 10649 ||| INVOKING Berserk.
 10700 | D:9      | 10700 ||| FLEEEEING.
 10785 | D:9      | 10785 ||| Stepping ~*~*~tactically~*~*~ (stealth).
 10890 | D:9      | Killed a green ugly thing
 10891 | D:9      | Reached XP level 11. HP: 94/94 MP: 10/10
 10974 | D:9      | 10974 ||| Stepping ~*~*~tactically~*~*~ (hiding).
 11042 | D:9      | 11042 ||| INVOKING Berserk.
 11055 | D:9      | Reached skill level 10 in Shields
 11069 | D:9      | 11069 ||| Stepping ~*~*~tactically~*~*~ (stealth).
 11070 | D:9      | 11070 ||| Stepping ~*~*~tactically~*~*~ (stealth).
 11275 | D:9      | 11275 ||| PLANNING LAIR
 11275 | D:9      | 11275 ||| DROPPING ring of flight.
 11276 | D:9      | 11276 ||| READING scroll labelled NAYL YSCHU DIMI.
 11277 | D:9      | 11277 ||| READING scroll labelled DACADDIKUV.
 11439 | D:9      | 11439 ||| READING scroll labelled ZAEKES APOAG.
 11440 | D:9      | 11440 ||| READING scroll labelled HOWNAHONNE.
 11480 | Lair:1   | Entered Level 1 of the Lair of Beasts
 11480 | Lair:1   | Found a transporter.
 11487 | Lair:1   | 11487 ||| INVOKING Berserk.
 11529 | Lair:1   | 11529 ||| INVOKING Berserk.
 11671 | Lair:1   | 11671 ||| INVOKING Berserk.
 11698 | Lair:1   | Reached skill level 15 in Axes
 11943 | Lair:1   | Reached skill level 9 in Fighting
 11977 | Lair:1   | 11977 ||| INVOKING Berserk.
 12097 | Lair:1   | 12097 ||| INVOKING Berserk.
 12213 | Lair:1   | 12213 ||| Stepping ~*~*~tactically~*~*~ (stealth).
 12214 | Lair:1   | 12214 ||| Stepping ~*~*~tactically~*~*~ (stealth).
 12216 | Lair:1   | 12216 ||| Stepping ~*~*~tactically~*~*~ (stealth).
 12351 | Lair:1   | 12351 ||| INVOKING Berserk.
 12678 | Lair:1   | Found a transporter.
 12679 | Lair:1   | 12679 ||| DROPPING +2 ring mail "Guskiy" {Fly rF+}.
 12680 | Lair:1   | 12680 ||| UPGRADING to +0 plate armour of fire resistance.
 12690 | Lair:1   | 12690 ||| DROPPING +0 plate armour.
 12691 | Lair:1   | 12691 ||| DROPPING ring of willpower.
 12692 | Lair:1   | 12692 ||| READING scroll labelled XIPTOM DIERIGG.
 12748 | Lair:2   | 12748 ||| Stepping ~*~*~tactically~*~*~ (stealth).
 12749 | Lair:2   | 12749 ||| INVOKING Berserk.
 12820 | Lair:2   | Noticed a seven-headed hydra
 12821 | Lair:2   | 12821 ||| Stepping ~*~*~tactically~*~*~ (stealth).
 12824 | Lair:2   | 12824 ||| INVOKING Brothers in Arms.
 12825 | Lair:2   | 12825 ||| SWAPPING to +1 hand axe of flaming.
 12826 | Lair:2   | 12826 ||| INVOKING Berserk.
 12828 | Lair:2   | Killed a five-headed hydra
 12835 | Lair:2   | 12835 ||| SWAPPING to +2 vampiric broad axe.
 12951 | Lair:2   | Noticed a catoblepas
 12954 | Lair:2   | 12954 ||| INVOKING Berserk.
 12957 | Lair:2   | Killed a catoblepas
 13086 | Lair:2   | 13086 ||| INVOKING Berserk.
 13108 | Lair:2   | Reached XP level 12. HP: 105/105 MP: 11/11
 13275 | Lair:2   | Noticed Nergalle
 13278 | Lair:2   | 13278 ||| INVOKING Berserk.
 13288 | Lair:2   | Killed Nergalle
 13447 | Lair:2   | 13447 ||| Stepping ~*~*~tactically~*~*~ (stealth).
 13450 | Lair:2   | 13450 ||| Stepping ~*~*~tactically~*~*~ (stealth).
 13602 | Lair:2   | 13602 ||| Stepping ~*~*~tactically~*~*~ (stealth).
 13604 | Lair:2   | 13604 ||| Stepping ~*~*~tactically~*~*~ (stealth).
 13631 | Lair:2   | Reached skill level 9 in Armour
 13646 | Lair:2   | Reached skill level 11 in Shields
 13717 | Lair:2   | 13717 ||| INVOKING Berserk.
 13886 | Lair:2   | 13886 ||| Stepping ~*~*~tactically~*~*~ (stealth).
 13949 | Lair:2   | 13949 ||| Stepping ~*~*~tactically~*~*~ (stealth).
 13956 | Lair:2   | 13956 ||| Stepping ~*~*~tactically~*~*~ (stealth).
 14020 | Lair:2   | 14020 ||| INVOKING Berserk.
 14420 | Lair:2   | 14420 ||| READING 7 scrolls of identify.
 14420 | Lair:2   | 14420 ||| IDENTIFYING smoky black potion
 14421 | Lair:2   | 14421 ||| DROPPING potion of magic.
 14503 | Lair:3   | 14503 ||| READING scroll of enchant armour.
 14503 | Lair:3   | 14503 ||| ENCHANTING +0 plate armour of fire resistance.
 14520 | Lair:3   | 14520 ||| INVOKING Berserk.
 14524 | Lair:3   | Reached skill level 18 in Axes
 14641 | Lair:3   | 14641 ||| INVOKING Berserk.
 14753 | Lair:3   | Found a hole to the Spider Nest.
 14816 | Lair:3   | 14816 ||| Stepping ~*~*~tactically~*~*~ (stealth).
 15059 | Lair:3   | 15059 ||| INVOKING Berserk.
 15614 | Lair:3   | Found a staircase to the Swamp.
 15615 | Lair:3   | 15615 ||| Stepping ~*~*~tactically~*~*~ (stealth).
 16027 | Lair:3   | 16027 ||| UPGRADING to +4 ring of slaying {mikee}.
 16029 | Lair:3   | 16029 ||| DROPPING +6 ring of dexterity.
 16030 | Lair:3   | 16030 ||| READING 6 scrolls of identify.
 16030 | Lair:3   | 16030 ||| IDENTIFYING fizzy purple potion
 16126 | Lair:4   | Reached XP level 13. HP: 116/116 MP: 12/12
 16131 | Lair:4   | Reached skill level 12 in Shields
 16138 | Lair:4   | 16138 ||| INVOKING Berserk.
 16344 | Lair:4   | 16344 ||| INVOKING Berserk.
 16499 | Lair:4   | 16499 ||| INVOKING Berserk.
 16690 | Lair:4   | 16690 ||| Stepping ~*~*~tactically~*~*~ (stealth).
 16693 | Lair:4   | 16693 ||| INVOKING Berserk.
 16788 | Lair:4   | 16788 ||| INVOKING Berserk.
 16843 | Lair:4   | 16843 ||| Stepping ~*~*~tactically~*~*~ (stealth).
 16846 | Lair:4   | 16846 ||| Stepping ~*~*~tactically~*~*~ (stealth).
 16848 | Lair:4   | 16848 ||| Stepping ~*~*~tactically~*~*~ (stealth).
 16851 | Lair:4   | 16851 ||| Stepping ~*~*~tactically~*~*~ (hiding).
 16856 | Lair:4   | 16856 ||| INVOKING Berserk.
 16861 | Lair:4   | Reached skill level 12 in Fighting
 17158 | Lair:4   | 17158 ||| Stepping ~*~*~tactically~*~*~ (stealth).
 17204 | Lair:4   | 17204 ||| Stepping ~*~*~tactically~*~*~ (hiding).
 17453 | Lair:5   | Entered Level 5 of the Lair of Beasts
 17454 | Lair:5   | 17454 ||| INVOKING Brothers in Arms.
 17455 | Lair:5   | 17455 ||| INVOKING Brothers in Arms.
 17456 | Lair:5   | 17456 ||| STAIRDANCE
 17466 | Lair:5   | 17466 ||| STAIRDANCE
 17468 | Lair:4   | 17468 ||| INVOKING Brothers in Arms.
 17469 | Lair:4   | 17469 ||| SWAPPING to +1 hand axe of flaming.
 17470 | Lair:4   | 17470 ||| INVOKING Berserk.
 17496 | Lair:4   | 17496 ||| SWAPPING to +2 vampiric broad axe.
 17628 | Lair:5   | 17628 ||| READING scroll of enchant armour.
 17628 | Lair:5   | 17628 ||| ENCHANTING +1 plate armour of fire resistance.
 17729 | Lair:5   | Reached skill level 13 in Shields
 17731 | Lair:5   | 17731 ||| Stepping ~*~*~tactically~*~*~ (stealth).
 17733 | Lair:5   | 17733 ||| INVOKING Berserk.
 17742 | Lair:5   | Found a dark tunnel.
 17912 | Lair:5   | 17912 ||| INVOKING Berserk.
 18120 | Lair:5   | 18120 ||| INVOKING Brothers in Arms.
 18122 | Lair:5   | 18122 ||| SWAPPING to +1 hand axe of flaming.
 18123 | Lair:5   | 18123 ||| INVOKING Berserk.
 18132 | Lair:5   | 18132 ||| SWAPPING to +2 vampiric broad axe.
 18318 | Lair:5   | 18318 ||| Stepping ~*~*~tactically~*~*~ (stealth).
 18438 | Lair:5   | 18438 ||| INVOKING Berserk.
 18572 | Lair:5   | Reached skill level 12 in Armour
 18635 | Lair:5   | Reached skill level 3 in Throwing
 18654 | Lair:5   | 18654 ||| INVOKING Brothers in Arms.
 18655 | Lair:5   | 18655 ||| INVOKING Brothers in Arms.
 18656 | Lair:5   | 18656 ||| INVOKING Brothers in Arms.
 18657 | Lair:5   | 18657 ||| INVOKING Brothers in Arms.
 18658 | Lair:5   | 18658 ||| INVOKING Brothers in Arms.
 18659 | Lair:5   | 18659 ||| INVOKING Brothers in Arms.
 18660 | Lair:5   | 18660 ||| SWAPPING to +1 hand axe of flaming.
 18661 | Lair:5   | 18661 ||| INVOKING Berserk.
 18681 | Lair:5   | 18681 ||| SWAPPING to +2 vampiric broad axe.
 18827 | Lair:5   | 18827 ||| Stepping ~*~*~tactically~*~*~ (hiding).
 18832 | Lair:5   | 18832 ||| INVOKING Trog's Hand.
 18840 | Lair:5   | 18840 ||| INVOKING Berserk.
 18841 | Lair:5   | Found a burning altar of Makhleb.
 19164 | Lair:5   | Found a gateway to Hell.
 19303 | Lair:5   | 19303 ||| READING scroll of enchant armour.
 19303 | Lair:5   | 19303 ||| ENCHANTING +2 plate armour of fire resistance.
 19316 | Lair:5   | Found a viscous altar of Jiyva.
 19318 | Lair:5   | Found a staircase to the Slime Pits.
 19319 | Lair:5   | 19319 ||| FLEEEEING.
 19320 | Lair:5   | 19320 ||| FLEEEEING.
 19321 | Lair:5   | 19321 ||| FLEEEEING.
 19477 | Lair:5   | 19477 ||| INVOKING Berserk.
 19482 | Lair:5   | Reached XP level 14. HP: 130/130 MP: 9/13
 19648 | Lair:5   | 19648 ||| FLEEEEING.
 19649 | Lair:5   | 19649 ||| FLEEEEING.
 19650 | Lair:5   | 19650 ||| FLEEEEING.
 19651 | Lair:5   | 19651 ||| FLEEEEING.
 19794 | Lair:5   | 19794 ||| FLEEEEING.
 19795 | Lair:5   | 19795 ||| FLEEEEING.
 19796 | Lair:5   | 19796 ||| FLEEEEING.
 19797 | Lair:5   | 19797 ||| FLEEEEING.
 19798 | Lair:5   | 19798 ||| FLEEEEING.
 19799 | Lair:5   | 19799 ||| FLEEEEING.
 19800 | Lair:5   | 19800 ||| FLEEEEING.
 20056 | Lair:5   | 20056 ||| PLANNING D:1-11
 20181 | D:10     | Entered Level 10 of the Dungeon
 20206 | D:10     | 20206 ||| Stepping ~*~*~tactically~*~*~ (stealth).
 20209 | D:10     | 20209 ||| Stepping ~*~*~tactically~*~*~ (hiding).
 20272 | D:10     | Found an ornate altar of the Wu Jian Council.
 20374 | D:10     | Found a staircase to the Orcish Mines.
 20432 | D:10     | Found a runed translucent door.
 20439 | D:10     | Noticed a lich
 20441 | D:10     | Noticed qw's ghost (journeyman MiBe)
 20447 | D:10     | Found a runed translucent door.
 20453 | D:10     | 20453 ||| Stepping ~*~*~tactically~*~*~ (stealth).
 20455 | D:10     | 20455 ||| Stepping ~*~*~tactically~*~*~ (hiding).
 20464 | D:10     | 20464 ||| Stepping ~*~*~tactically~*~*~ (stealth).
 20502 | D:10     | Found a hazy altar of Hepliaklqana.
 20610 | D:10     | 20610 ||| READING scroll of enchant weapon.
 20610 | D:10     | 20610 ||| ENCHANTING +2 vampiric broad axe.
 20615 | D:10     | Found an iron altar of Okawaru.
 20618 | D:10     | 20618 ||| INVOKING Berserk.
 20624 | D:10     | Reached skill level 14 in Shields
 21092 | D:11     | 21092 ||| Stepping ~*~*~tactically~*~*~ (stealth).
 21111 | D:11     | Reached skill level 6 in Dodging
 21168 | D:11     | 21168 ||| Stepping ~*~*~tactically~*~*~ (hiding).
 21171 | D:11     | 21171 ||| Stepping ~*~*~tactically~*~*~ (hiding).
 21288 | D:11     | 21288 ||| Stepping ~*~*~tactically~*~*~ (stealth).
 21618 | D:11     | 21618 ||| INVOKING Berserk.
 21947 | D:11     | 21947 ||| PLANNING D
 21947 | D:11     | 21947 ||| DROPPING amulet of magic regeneration.
 22433 | D:12     | 22433 ||| Stepping ~*~*~tactically~*~*~ (hiding).
 22435 | D:12     | 22435 ||| Stepping ~*~*~tactically~*~*~ (hiding).
 22590 | D:12     | 22590 ||| READING scroll of enchant weapon.
 22590 | D:12     | 22590 ||| ENCHANTING +3 vampiric broad axe.
 22742 | D:12     | Identified the +2 robe of Soft Creativity {Rampage}
 22945 | D:13     | 22945 ||| STAIRDANCE
 22971 | D:13     | 22971 ||| STAIRDANCE
 23003 | D:13     | Reached ***** piety under Trog
 23010 | D:13     | 23010 ||| FLEEEEING.
 23011 | D:13     | 23011 ||| FLEEEEING.
 23012 | D:13     | 23012 ||| FLEEEEING.
 23013 | D:13     | 23013 ||| FLEEEEING.
 23014 | D:13     | 23014 ||| FLEEEEING.
 23015 | D:13     | 23015 ||| FLEEEEING.
 23016 | D:13     | 23016 ||| FLEEEEING.
 23017 | D:13     | 23017 ||| FLEEEEING.
 23018 | D:13     | 23018 ||| FLEEEEING.
 23021 | D:13     | 23021 ||| STAIRDANCE
 23168 | D:13     | 23168 ||| INVOKING Brothers in Arms.
 23170 | D:13     | 23170 ||| INVOKING Berserk.
 23173 | D:13     | Reached skill level 15 in Fighting
 23314 | D:13     | 23314 ||| Stepping ~*~*~tactically~*~*~ (hiding).
 23315 | D:13     | 23315 ||| Stepping ~*~*~tactically~*~*~ (hiding).
 23430 | D:13     | Found an iron altar of Okawaru.
 23471 | D:13     | 23471 ||| Stepping ~*~*~tactically~*~*~ (hiding).
 23526 | D:13     | 23526 ||| Stepping ~*~*~tactically~*~*~ (hiding).
 23570 | D:13     | Identified the +11 flail of Jiafu {freeze, rElec rF+ Dex+4}
 23605 | D:13     | 23605 ||| INVOKING Berserk.
 23873 | D:13     | Identified the +0 plate armour "Yraocw" {rPois Str+2 Dex-4}
 24036 | D:13     | 24036 ||| Stepping ~*~*~tactically~*~*~ (hiding).
 24037 | D:13     | 24037 ||| Stepping ~*~*~tactically~*~*~ (hiding).
 24038 | D:13     | 24038 ||| Stepping ~*~*~tactically~*~*~ (hiding).
 24039 | D:13     | 24039 ||| INVOKING Brothers in Arms.
 24040 | D:13     | 24040 ||| INVOKING Brothers in Arms.
 24041 | D:13     | 24041 ||| INVOKING Berserk.
 24124 | D:13     | Found Haejir's Antique Armour Shop.
 24127 | D:13     | 24127 ||| BUYING pair of embroidered boots (277 gold).
 24127 | D:13     | Bought a pair of embroidered boots for 277 gold pieces
 24127 | D:13     | 24127 ||| BUYING runed chain mail (277 gold).
 24127 | D:13     | Bought a runed chain mail for 277 gold pieces
 24319 | D:13     | 24319 ||| FLEEEEING.
 24320 | D:13     | 24320 ||| FLEEEEING.
 24322 | D:13     | 24322 ||| FLEEEEING.
 24323 | D:13     | 24323 ||| FLEEEEING.
 24324 | D:13     | 24324 ||| FLEEEEING.
 24325 | D:13     | 24325 ||| FLEEEEING.
 24326 | D:13     | 24326 ||| FLEEEEING.
 24327 | D:13     | 24327 ||| FLEEEEING.
 24332 | D:13     | 24332 ||| FLEEEEING.
 24333 | D:13     | 24333 ||| FLEEEEING.
 24334 | D:13     | 24334 ||| FLEEEEING.
 24335 | D:13     | 24335 ||| FLEEEEING.
 24340 | D:13     | 24340 ||| STAIRDANCE
 24417 | D:12     | 24417 ||| UPGRADING to +0 plate armour "Yraocw" {rPois
                  | Str+2 Dex-4}.
 24427 | D:12     | 24427 ||| UPGRADING to +2 pair of gloves.
 24437 | D:12     | 24437 ||| DROPPING +0 pair of gloves.
 24438 | D:12     | 24438 ||| UPGRADING to +0 pair of boots of flying.
 24448 | D:12     | 24448 ||| DROPPING +1 chain mail of cold resistance.
 24456 | D:13     | 24456 ||| FLEEEEING.
 24457 | D:13     | 24457 ||| FLEEEEING.
 24461 | D:13     | 24461 ||| FLEEEEING.
 24462 | D:13     | 24462 ||| FLEEEEING.
 24463 | D:13     | 24463 ||| FLEEEEING.
 24464 | D:13     | 24464 ||| FLEEEEING.
 24465 | D:13     | 24465 ||| FLEEEEING.
 24466 | D:13     | 24466 ||| FLEEEEING.
 24467 | D:13     | 24467 ||| FLEEEEING.
 24541 | D:13     | 24541 ||| Stepping ~*~*~tactically~*~*~ (stealth).
 24546 | D:13     | 24546 ||| Stepping ~*~*~tactically~*~*~ (hiding).
 24635 | D:13     | 24635 ||| INVOKING Brothers in Arms.
 24636 | D:13     | 24636 ||| SWAPPING to +1 hand axe of flaming.
 24637 | D:13     | 24637 ||| INVOKING Berserk.
 24644 | D:13     | 24644 ||| SWAPPING to +4 vampiric broad axe.
 24671 | D:13     | 24671 ||| Stepping ~*~*~tactically~*~*~ (stealth).
 24676 | D:13     | 24676 ||| Stepping ~*~*~tactically~*~*~ (stealth).
 24677 | D:13     | 24677 ||| Stepping ~*~*~tactically~*~*~ (stealth).
 24678 | D:13     | 24678 ||| Stepping ~*~*~tactically~*~*~ (stealth).
 24811 | D:13     | 24811 ||| INVOKING Berserk.
 24830 | D:13     | Reached skill level 6 in Throwing
 25021 | D:13     | 25021 ||| READING 11 scrolls of identify.
 25021 | D:13     | 25021 ||| IDENTIFYING yellow potion
 25075 | D:14     | Noticed Agnes
 25077 | D:14     | 25077 ||| Stepping ~*~*~tactically~*~*~ (stealth).
 25078 | D:14     | 25078 ||| INVOKING Berserk.
 25086 | D:14     | Killed Agnes
 25096 | D:14     | Reached XP level 15. HP: 134/141 MP: 12/14
 25211 | D:14     | Found a gate to the Vaults.
 25253 | D:14     | Reached skill level 15 in Shields
 25422 | D:14     | 25422 ||| Stepping ~*~*~tactically~*~*~ (stealth).
 25468 | D:14     | 25468 ||| Stepping ~*~*~tactically~*~*~ (hiding).
 25471 | D:14     | 25471 ||| INVOKING Berserk.
 25485 | D:14     | Noticed Rupert
 25485 | D:14     | 25485 ||| INVOKING Trog's Hand.
 25496 | D:14     | Killed Rupert
 25519 | D:14     | 25519 ||| INVOKING Berserk.
 25576 | D:14     | Found a sacrificial altar of Ru.
 26058 | D:14     | 26058 ||| DROPPING scarf of harm.
 26097 | D:15     | Entered Level 15 of the Dungeon
 26210 | D:15     | 26210 ||| Stepping ~*~*~tactically~*~*~ (cloud).
 26269 | D:15     | 26269 ||| SWAPPING to +1 hand axe of flaming.
 26275 | D:15     | Reached skill level 9 in Throwing
 26275 | D:15     | 26275 ||| SWAPPING to +4 vampiric broad axe.
 26293 | D:15     | 26293 ||| INVOKING Berserk.
 26307 | D:15     | 26307 ||| FLEEEEING.
 26308 | D:15     | 26308 ||| FLEEEEING.
 26309 | D:15     | 26309 ||| FLEEEEING.
 26313 | D:15     | 26313 ||| FLEEEEING.
 26314 | D:15     | 26314 ||| FLEEEEING.
 26315 | D:15     | 26315 ||| FLEEEEING.
 26316 | D:15     | 26316 ||| FLEEEEING.
 26317 | D:15     | 26317 ||| FLEEEEING.
 26318 | D:15     | 26318 ||| FLEEEEING.
 26319 | D:15     | 26319 ||| FLEEEEING.
 26320 | D:15     | 26320 ||| FLEEEEING.
 26321 | D:15     | 26321 ||| FLEEEEING.
 26323 | D:15     | 26323 ||| FLEEEEING.
 26324 | D:15     | 26324 ||| FLEEEEING.
 26383 | D:15     | 26383 ||| Stepping ~*~*~tactically~*~*~ (hiding).
 26384 | D:15     | 26384 ||| Stepping ~*~*~tactically~*~*~ (hiding).
 26385 | D:15     | Found a staircase to the Depths.
 26519 | D:15     | 26519 ||| Stepping ~*~*~tactically~*~*~ (stealth).
 26522 | D:15     | Noticed Josephine
 26523 | D:15     | 26523 ||| Stepping ~*~*~tactically~*~*~ (stealth).
 26526 | D:15     | 26526 ||| Stepping ~*~*~tactically~*~*~ (stealth).
 26534 | D:15     | Killed Josephine
 26538 | D:15     | 26538 ||| FLEEEEING.
 26539 | D:15     | 26539 ||| FLEEEEING.
 26545 | D:15     | 26545 ||| INVOKING Berserk.
 26820 | D:15     | 26820 ||| FLEEEEING.
 26821 | D:15     | 26821 ||| FLEEEEING.
 26822 | D:15     | 26822 ||| FLEEEEING.
 26823 | D:15     | 26823 ||| FLEEEEING.
 26825 | D:15     | 26825 ||| FLEEEEING.
 26826 | D:15     | 26826 ||| FLEEEEING.
 26827 | D:15     | 26827 ||| FLEEEEING.
 26828 | D:15     | 26828 ||| FLEEEEING.
 26829 | D:15     | 26829 ||| FLEEEEING.
 26830 | D:15     | 26830 ||| FLEEEEING.
 26831 | D:15     | 26831 ||| STAIRDANCE
 26878 | D:14     | 26878 ||| DROPPING +4 ring of evasion.
 26978 | D:15     | 26978 ||| Stepping ~*~*~tactically~*~*~ (hiding).
 26979 | D:15     | 26979 ||| INVOKING Berserk.
 27178 | D:15     | 27178 ||| INVOKING Berserk.
 27304 | D:15     | 27304 ||| PLANNING ORC
 27420 | Orc:1    | Entered Level 1 of the Orcish Mines
 27428 | Orc:1    | 27428 ||| Stepping ~*~*~tactically~*~*~ (stealth).
 27432 | Orc:1    | 27432 ||| Stepping ~*~*~tactically~*~*~ (stealth).
 27453 | Orc:1    | 27453 ||| Stepping ~*~*~tactically~*~*~ (stealth).
 27455 | Orc:1    | 27455 ||| Stepping ~*~*~tactically~*~*~ (hiding).
 27456 | Orc:1    | 27456 ||| Stepping ~*~*~tactically~*~*~ (hiding).
 27605 | Orc:2    | Entered Level 2 of the Orcish Mines
 27609 | Orc:2    | 27609 ||| Stepping ~*~*~tactically~*~*~ (stealth).
 27615 | Orc:2    | Found a staircase to the Elven Halls.
 27637 | Orc:2    | 27637 ||| Stepping ~*~*~tactically~*~*~ (hiding).
 27757 | Orc:2    | Found Jewnoz's Vocational Training.
 27759 | Orc:2    | Noticed Erolcha
 27760 | Orc:2    | 27760 ||| INVOKING Trog's Hand.
 27762 | Orc:2    | 27762 ||| Stepping ~*~*~tactically~*~*~ (hiding).
 27765 | Orc:2    | 27765 ||| Stepping ~*~*~tactically~*~*~ (hiding).
 27777 | Orc:2    | Killed Erolcha
 27860 | Orc:2    | 27860 ||| INVOKING Trog's Hand.
 27863 | Orc:2    | 27863 ||| INVOKING Berserk.
 28006 | Orc:2    | 28006 ||| Stepping ~*~*~tactically~*~*~ (hiding).
 28007 | Orc:2    | 28007 ||| Stepping ~*~*~tactically~*~*~ (hiding).
 28013 | Orc:2    | 28013 ||| Stepping ~*~*~tactically~*~*~ (stealth).
 28015 | Orc:2    | 28015 ||| Stepping ~*~*~tactically~*~*~ (stealth).
 28084 | Orc:2    | 28084 ||| INVOKING Trog's Hand.
 28091 | Orc:2    | 28091 ||| INVOKING Berserk.
 28099 | Orc:2    | 28099 ||| Stepping ~*~*~tactically~*~*~ (hiding).
 28102 | Orc:2    | 28102 ||| INVOKING Brothers in Arms.
 28117 | Orc:2    | 28117 ||| INVOKING Brothers in Arms.
 28205 | Orc:2    | Found Tyxyed's Antique Armour Emporium.
 28212 | Orc:2    | 28212 ||| BUYING crude chain mail (294 gold).
 28212 | Orc:2    | Bought a crude chain mail for 294 gold pieces
 28212 | Orc:2    | Identified the +1 chain mail of Chimes {Fly Will+ Int+7
                  | Dex-2} (You bought it in a shop on level 2 of the Orcish
                  | Mines)
 28212 | Orc:2    | 28212 ||| BUYING embroidered scarf (248 gold).
 28212 | Orc:2    | Bought an embroidered scarf for 248 gold pieces
 28212 | Orc:2    | 28212 ||| BUYING glowing plate armour (806 gold).
 28212 | Orc:2    | Bought a glowing plate armour for 806 gold pieces
 28226 | Orc:2    | Found a radiant altar of Vehumet.
 28227 | Orc:2    | 28227 ||| Stepping ~*~*~tactically~*~*~ (hiding).
 28229 | Orc:2    | 28229 ||| INVOKING Trog's Hand.
 28232 | Orc:2    | 28232 ||| Stepping ~*~*~tactically~*~*~ (hiding).
 28234 | Orc:2    | 28234 ||| INVOKING Berserk.
 28257 | Orc:2    | 28257 ||| INVOKING Brothers in Arms.
 28258 | Orc:2    | 28258 ||| INVOKING Trog's Hand.
 28388 | Orc:2    | 28388 ||| Stepping ~*~*~tactically~*~*~ (stealth).
 28390 | Orc:2    | Found an ancient bone altar of Kikubaaqudgha.
 28653 | Orc:2    | 28653 ||| INVOKING Trog's Hand.
 28654 | Orc:2    | Found Lak Lige's Jewellery Emporium.
 28654 | Orc:2    | Found Niclor's Antique Weapon Shoppe.
 28655 | Orc:2    | 28655 ||| INVOKING Berserk.
 28783 | Orc:2    | Found Dakoh's Distillery.
 28786 | Orc:2    | 28786 ||| BUYING ring of Xom's Best Wishes {Fly rF+} (535
                  | gold).
 28786 | Orc:2    | Bought the ring of Xom's Best Wishes {Fly rF+} for 535 gold
                  | pieces
 28786 | Orc:2    | 28786 ||| SHOPLISTING ring of poison resistance (340 gold,
                  | have 231).
 28794 | Orc:2    | 28794 ||| BUYING potion of curing (54 gold).
 28794 | Orc:2    | Bought a potion of curing for 54 gold pieces
 28794 | Orc:2    | 28794 ||| BUYING potion of curing (54 gold).
 28794 | Orc:2    | Bought a potion of curing for 54 gold pieces
 28794 | Orc:2    | 28794 ||| BUYING potion of curing (54 gold).
 28794 | Orc:2    | Bought a potion of curing for 54 gold pieces
 28794 | Orc:2    | 28794 ||| SHOPLISTING potion of haste (180 gold, have 69).
 28794 | Orc:2    | 28794 ||| SHOPLISTING potion of might (72 gold, have 69).
 28801 | Orc:2    | 28801 ||| DROPPING +1 chain mail of Chimes {Fly Will+ Int+7
                  | Dex-2}.
 28802 | Orc:2    | 28802 ||| UPGRADING to scarf of resistance.
 28807 | Orc:2    | 28807 ||| DROPPING +1 plate armour of willpower.
 28808 | Orc:2    | 28808 ||| DROPPING 37 boomerangs.
 28809 | Orc:2    | 28809 ||| DROPPING 6 boomerangs of dispersal.
 28810 | Orc:2    | 28810 ||| DROPPING 5 silver boomerangs.
 28866 | Orc:1    | 28866 ||| INVOKING Trog's Hand.
 28869 | Orc:1    | 28869 ||| INVOKING Berserk.
 28879 | Orc:1    | Reached skill level 15 in Armour
 29006 | Orc:1    | 29006 ||| Stepping ~*~*~tactically~*~*~ (stealth).
 29007 | Orc:1    | 29007 ||| Stepping ~*~*~tactically~*~*~ (stealth).
 29016 | Orc:1    | 29016 ||| Stepping ~*~*~tactically~*~*~ (stealth).
 29019 | Orc:1    | Noticed an orc warlord
 29020 | Orc:1    | 29020 ||| INVOKING Brothers in Arms.
 29026 | Orc:1    | 29026 ||| INVOKING Berserk.
 29029 | Orc:1    | Killed an orc warlord
 29357 | Orc:1    | 29357 ||| PLANNING SWAMP:1-3
 29479 | Swamp:1  | Entered Level 1 of the Swamp
 29514 | Swamp:1  | 29514 ||| INVOKING Berserk.
 29589 | Swamp:1  | You are sucked into a shaft and drop 1 floor!
 29644 | Swamp:2  | 29644 ||| Stepping ~*~*~tactically~*~*~ (hiding).
 29755 | Swamp:2  | 29755 ||| INVOKING Berserk.
 29760 | Swamp:2  | Reached skill level 16 in Shields
 29760 | Swamp:2  | Reached XP level 16. HP: 155/155 MP: 11/15
 29825 | Swamp:2  | 29825 ||| INVOKING Berserk.
 29845 | Swamp:2  | 29845 ||| INVOKING Brothers in Arms.
 29965 | Swamp:1  | Found a shimmering altar of Xom.
 29982 | Swamp:1  | 29982 ||| READING scroll of enchant weapon.
 29982 | Swamp:1  | 29982 ||| ENCHANTING +4 vampiric broad axe.
 30046 | Swamp:1  | 30046 ||| SWAPPING to +1 hand axe of flaming.
 30048 | Swamp:1  | 30048 ||| Stepping ~*~*~tactically~*~*~ (cloud).
 30049 | Swamp:1  | 30049 ||| SWAPPING to +5 vampiric broad axe.
 30770 | Swamp:2  | Reached skill level 18 in Fighting
 30892 | Swamp:2  | 30892 ||| Stepping ~*~*~tactically~*~*~ (hiding).
 31015 | Swamp:2  | 31015 ||| INVOKING Brothers in Arms.
 31016 | Swamp:2  | 31016 ||| INVOKING Brothers in Arms.
 31017 | Swamp:2  | 31017 ||| INVOKING Berserk.
 31481 | Swamp:2  | 31481 ||| DROPPING ring of positive energy.
 31482 | Swamp:2  | 31482 ||| READING scroll labelled JOAPTI OHEH.
 31483 | Swamp:2  | 31483 ||| READING 12 scrolls of identify.
 31483 | Swamp:2  | 31483 ||| IDENTIFYING fuming black potion
 31624 | Swamp:3  | 31624 ||| INVOKING Brothers in Arms.
 31626 | Swamp:3  | 31626 ||| SWAPPING to +1 hand axe of flaming.
 31627 | Swamp:3  | 31627 ||| SWAPPING to +5 vampiric broad axe.
 31631 | Swamp:3  | 31631 ||| SWAPPING to +1 hand axe of flaming.
 31632 | Swamp:3  | 31632 ||| INVOKING Berserk.
 31647 | Swamp:3  | 31647 ||| SWAPPING to +5 vampiric broad axe.
 31793 | Swamp:3  | 31793 ||| INVOKING Berserk.
 31921 | Swamp:3  | 31921 ||| INVOKING Trog's Hand.
 31923 | Swamp:3  | 31923 ||| INVOKING Berserk.
 31939 | Swamp:3  | 31939 ||| SWAPPING to +1 hand axe of flaming.
 31946 | Swamp:3  | 31946 ||| SWAPPING to +5 vampiric broad axe.
 32004 | Swamp:3  | 32004 ||| Stepping ~*~*~tactically~*~*~ (cloud).
 32119 | Swamp:3  | 32119 ||| INVOKING Brothers in Arms.
 32120 | Swamp:3  | 32120 ||| SWAPPING to +1 hand axe of flaming.
 32123 | Swamp:3  | 32123 ||| SWAPPING to +5 vampiric broad axe.
 32168 | Swamp:3  | 32168 ||| Stepping ~*~*~tactically~*~*~ (hiding).
 32338 | Swamp:3  | 32338 ||| INVOKING Berserk.
 32485 | Swamp:3  | 32485 ||| SWAPPING to +1 hand axe of flaming.
 32489 | Swamp:3  | 32489 ||| SWAPPING to +5 vampiric broad axe.
 32543 | Swamp:3  | 32543 ||| SWAPPING to +1 hand axe of flaming.
 32547 | Swamp:3  | 32547 ||| SWAPPING to +5 vampiric broad axe.
 32773 | Swamp:3  | 32773 ||| FLEEEEING.
 32774 | Swamp:3  | 32774 ||| Stepping ~*~*~tactically~*~*~ (hiding).
 32908 | Swamp:3  | 32908 ||| PLANNING SPIDER:1-3
 33002 | Spider:1 | Entered Level 1 of the Spider Nest
 33025 | Spider:1 | 33025 ||| Stepping ~*~*~tactically~*~*~ (stealth).
 33026 | Spider:1 | 33026 ||| Stepping ~*~*~tactically~*~*~ (stealth).
 33034 | Spider:1 | Noticed Frances
 33038 | Spider:1 | Noticed Louise
 33039 | Spider:1 | 33039 ||| INVOKING Trog's Hand.
 33042 | Spider:1 | 33042 ||| INVOKING Berserk.
 33060 | Spider:1 | Killed Frances
 33074 | Spider:1 | 33074 ||| INVOKING Trog's Hand.
 33099 | Spider:1 | Killed Louise
 33381 | Spider:1 | 33381 ||| INVOKING Brothers in Arms.
 33382 | Spider:1 | 33382 ||| INVOKING Brothers in Arms.
 33383 | Spider:1 | 33383 ||| INVOKING Brothers in Arms.
 33573 | Spider:1 | Noticed Roxanne
 33578 | Spider:1 | 33578 ||| INVOKING Berserk.
 33592 | Spider:1 | Killed Roxanne
 33777 | Spider:1 | 33777 ||| INVOKING Brothers in Arms.
 33778 | Spider:1 | 33778 ||| INVOKING Brothers in Arms.
 34009 | Spider:1 | 34009 ||| UPGRADING to +0 tower shield.
 34019 | Spider:1 | 34019 ||| DROPPING +0 kite shield.
 34057 | Spider:2 | 34057 ||| Stepping ~*~*~tactically~*~*~ (stealth).
 34082 | Spider:2 | 34082 ||| Stepping ~*~*~tactically~*~*~ (stealth).
 34089 | Spider:2 | 34089 ||| FLEEEEING.
 34090 | Spider:2 | 34090 ||| Stepping ~*~*~tactically~*~*~ (hiding).
 34093 | Spider:2 | 34093 ||| INVOKING Brothers in Arms.
 34094 | Spider:2 | 34094 ||| INVOKING Brothers in Arms.
 34097 | Spider:2 | 34097 ||| DRINKING potion of cancellation.
 34100 | Spider:2 | Reached skill level 17 in Shields
 34108 | Spider:2 | 34108 ||| INVOKING Brothers in Arms.
 34122 | Spider:2 | 34122 ||| DRINKING 15 potions of curing.
 34122 | Spider:2 | 34122 ||| (to cure confusion)
 34123 | Spider:2 | 34123 ||| DRINKING 14 potions of curing.
 34123 | Spider:2 | 34123 ||| (to cure confusion)
 34137 | Spider:2 | 34137 ||| Stepping ~*~*~tactically~*~*~ (stealth).
 34141 | Spider:2 | 34141 ||| Stepping ~*~*~tactically~*~*~ (stealth).
 34342 | Spider:2 | 34342 ||| DRINKING 13 potions of curing.
 34342 | Spider:2 | 34342 ||| (to cure confusion)
 34364 | Spider:2 | 34364 ||| INVOKING Berserk.
 34514 | Spider:2 | 34514 ||| Stepping ~*~*~tactically~*~*~ (stealth).
 34516 | Spider:2 | 34516 ||| Stepping ~*~*~tactically~*~*~ (stealth).
 34688 | Spider:2 | 34688 ||| INVOKING Berserk.
 34984 | Spider:2 | Reached skill level 18 in Shields
 34998 | Spider:2 | 34998 ||| INVOKING Berserk.
 35008 | Spider:2 | Reached XP level 17. HP: 168/168 MP: 13/16
 35304 | Spider:2 | 35304 ||| Stepping ~*~*~tactically~*~*~ (hiding).
 35305 | Spider:2 | 35305 ||| INVOKING Berserk.
 35318 | Spider:2 | 35318 ||| INVOKING Brothers in Arms.
 35319 | Spider:2 | 35319 ||| INVOKING Brothers in Arms.
 35320 | Spider:2 | 35320 ||| INVOKING Brothers in Arms.
 35321 | Spider:2 | 35321 ||| INVOKING Brothers in Arms.
 35322 | Spider:2 | 35322 ||| INVOKING Brothers in Arms.
 35323 | Spider:2 | 35323 ||| INVOKING Brothers in Arms.
 35324 | Spider:2 | 35324 ||| INVOKING Brothers in Arms.
 35325 | Spider:2 | 35325 ||| INVOKING Brothers in Arms.
 35326 | Spider:2 | 35326 ||| INVOKING Brothers in Arms.
 35328 | Spider:2 | 35328 ||| DRINKING 13 potions of curing.
 35328 | Spider:2 | 35328 ||| (to cure confusion)
 35329 | Spider:2 | 35329 ||| DRINKING 12 potions of curing.
 35329 | Spider:2 | 35329 ||| (to cure confusion)
 35792 | Spider:3 | 35792 ||| STAIRDANCE
 35800 | Spider:3 | 35800 ||| STAIRDANCE
 35802 | Spider:2 | 35802 ||| INVOKING Berserk.
 35932 | Spider:3 | 35932 ||| DRINKING 11 potions of curing.
 35932 | Spider:3 | 35932 ||| (to cure confusion)
 35933 | Spider:3 | 35933 ||| STAIRDANCE
 35992 | Spider:3 | 35992 ||| INVOKING Brothers in Arms.
 35993 | Spider:3 | 35993 ||| INVOKING Brothers in Arms.
 36017 | Spider:3 | 36017 ||| READING scroll of enchant armour.
 36017 | Spider:3 | 36017 ||| ENCHANTING +1 hat.
 36040 | Spider:3 | 36040 ||| Stepping ~*~*~tactically~*~*~ (stealth).
 36041 | Spider:3 | 36041 ||| Stepping ~*~*~tactically~*~*~ (stealth).
 36054 | Spider:3 | 36054 ||| INVOKING Berserk.
 36074 | Spider:3 | Reached skill level 19 in Shields
 36077 | Spider:3 | 36077 ||| Stepping ~*~*~tactically~*~*~ (stealth).
 36107 | Spider:3 | 36107 ||| Stepping ~*~*~tactically~*~*~ (stealth).
 36125 | Spider:3 | 36125 ||| READING 9 scrolls of teleportation.
 36131 | Spider:3 | 36131 ||| READING 8 scrolls of teleportation.
 36132 | Spider:3 | 36132 ||| INVOKING Berserk.
 36168 | Spider:3 | Noticed Donald
 36169 | Spider:3 | 36169 ||| Stepping ~*~*~tactically~*~*~ (stealth).
 36178 | Spider:3 | HP: 35/168 [Donald/+0 long sword of electrocution (15)]
 36179 | Spider:3 | 36179 ||| READING 7 scrolls of teleportation.
 36179 | Spider:3 | HP: 11/168 [Donald/+0 long sword of electrocution (25)]
 36180 | Spider:3 | 36180 ||| DRINKING 10 potions of heal wounds.
 36181 | Spider:3 | 36181 ||| DRINKING 9 potions of heal wounds.
 36184 | Spider:3 | 36184 ||| DRINKING 8 potions of heal wounds.
 36185 | Spider:3 | 36185 ||| Stepping ~*~*~tactically~*~*~ (stealth).
 36186 | Spider:3 | 36186 ||| READING 6 scrolls of teleportation.
 36187 | Spider:3 | 36187 ||| DRINKING 7 potions of heal wounds.
 36188 | Spider:3 | 36188 ||| INVOKING Berserk.
 36228 | Spider:3 | 36228 ||| INVOKING Berserk.
 36232 | Spider:3 | Killed Donald
 36416 | Spider:3 | 36416 ||| FLEEEEING.
 36505 | Spider:3 | 36505 ||| Stepping ~*~*~tactically~*~*~ (stealth).
 36506 | Spider:3 | 36506 ||| Stepping ~*~*~tactically~*~*~ (stealth).
 36507 | Spider:3 | 36507 ||| Stepping ~*~*~tactically~*~*~ (stealth).
 36508 | Spider:3 | 36508 ||| Stepping ~*~*~tactically~*~*~ (stealth).
 36509 | Spider:3 | 36509 ||| Stepping ~*~*~tactically~*~*~ (stealth).
 36510 | Spider:3 | 36510 ||| Stepping ~*~*~tactically~*~*~ (stealth).
 36511 | Spider:3 | 36511 ||| Stepping ~*~*~tactically~*~*~ (stealth).
 36512 | Spider:3 | 36512 ||| Stepping ~*~*~tactically~*~*~ (stealth).
 36514 | Spider:3 | 36514 ||| Stepping ~*~*~tactically~*~*~ (stealth).
 36515 | Spider:3 | 36515 ||| Stepping ~*~*~tactically~*~*~ (stealth).
 36703 | Spider:3 | 36703 ||| PLANNING SWAMP:4
 36703 | Spider:3 | 36703 ||| READING 13 scrolls of identify.
 36703 | Spider:3 | 36703 ||| IDENTIFYING bubbling clear potion
 36704 | Spider:3 | 36704 ||| DROPPING potion of degeneration.
 36893 | Swamp:4  | Entered Level 4 of the Swamp
 36895 | Swamp:4  | 36895 ||| SWAPPING to +1 hand axe of flaming.
 36901 | Swamp:4  | 36901 ||| SWAPPING to +5 vampiric broad axe.
 36951 | Swamp:4  | 36951 ||| SWAPPING to +1 hand axe of flaming.
 36961 | Swamp:4  | 36961 ||| SWAPPING to +5 vampiric broad axe.
 37097 | Swamp:4  | 37097 ||| READING scroll of enchant armour.
 37097 | Swamp:4  | 37097 ||| ENCHANTING +0 pair of boots of flying.
 37130 | Swamp:4  | 37130 ||| INVOKING Berserk.
 37137 | Swamp:4  | Reached skill level 20 in Shields
 37365 | Swamp:4  | 37365 ||| Stepping ~*~*~tactically~*~*~ (hiding).
 37366 | Swamp:4  | 37366 ||| Stepping ~*~*~tactically~*~*~ (hiding).
 37522 | Swamp:4  | 37522 ||| Stepping ~*~*~tactically~*~*~ (stealth).
 37524 | Swamp:4  | 37524 ||| Stepping ~*~*~tactically~*~*~ (stealth).
 37527 | Swamp:4  | 37527 ||| INVOKING Berserk.
 37538 | Swamp:4  | 37538 ||| INVOKING Trog's Hand.
 37545 | Swamp:4  | 37545 ||| SWAPPING to +1 hand axe of flaming.
 37558 | Swamp:4  | 37558 ||| INVOKING Trog's Hand.
 37561 | Swamp:4  | 37561 ||| SWAPPING to +5 vampiric broad axe.
 37567 | Swamp:4  | 37567 ||| SWAPPING to +1 hand axe of flaming.
 37569 | Swamp:4  | HP: 39/166 [seven-headed hydra simulacrum (10)]
 37569 | Swamp:4  | HP: 19/166 [vampire knight/+2 war axe of flaming (4)]
 37570 | Swamp:4  | 37570 ||| READING 6 scrolls of teleportation.
 37570 | Swamp:4  | HP: 7/166 [vampire knight/vampiric draining (14)]
 37570 | Swamp:4  | Slain by a seven-headed hydra simulacrum

Levels and vault maps discovered:
D:1:      roderic_octagonal_star, layout_basic, ebering_ecumenical_altar_ruins
D:2:      layout_basic, basic_altar, feat_on_display, uniq_natasha,
          uniq_sigmund, uniq_jessica
D:3:      layout_loops_ring, nicolae_overflow_crystal_walls, bloody_trog,
          led_sif_book, uniq_ijyb
D:4:      layout_loops_cross, ebering_ghost_reflecting_pool,
          nicolae_alphabet_shops, minmay_misc_feat_four_crosses,
          uniq_crazy_yiuf_cottage
D:5:      layout_basic, amcnicky_altar_gilded, nicolae_ashenzari_skybound,
          gup_sewer_entry_bowl, minmay_fractal_squares_diagonal_5
D:6:      layout_cave_pools, chequers_temple_overflow_statue_of_worship,
          minmay_temple_entry_offerings, uniq_maggie, uniq_menkaure, uniq_edmund
D:7:      layout_loops_corners, good_gods_mini_temple
D:8:      layout_rooms, uniq_gastronok
D:9:      layout_cave_pools, kennysheep_vampire_church,
          mainiacjoe_overflow_24_doors, lair_entry_dummy, serial_gnoll_camp,
          gnoll_camp_huts_moat, gnoll_camp_mini_sergeant, gnoll_camp_medium_01,
          gnoll_camp_mini_loothouse
D:10:     layout_roguey, nicolae_hepliaklqana_hazy_memory,
          mainiacjoe_overflow_tiny_flanked, lemuel_doored_altar, orc_0_dummy,
          muffindrake_ghost_dual_entry
D:11:     layout_cave_pods, onia_ninara_dug_in_and_dangerous
D:12:     layout_grid_maze, kennysheep_small_square
D:13:     evilmike_iron_armoury, layout_cave_pools, serial_rivers,
          chequers_serial_rivers_micro_c, chequers_serial_rivers_micro_c,
          chequers_serial_rivers_micro_b, chequers_serial_rivers_large_a,
          serial_shops, kennysheep_mini, minmay_hollow_rounded_squares
D:14:     layout_long_grid, david_vaults_2, infiniplex_staircase_squiggle,
          nicolae_ru_awakened_eye, uniq_agnes, uniq_rupert
D:15:     gammafunk_depths_entry_grave, layout_cave_pools,
          nicolae_triple_integral, minmay_liquid_box, uniq_josephine
Lair:1:   gammafunk_cloud_chamber, layout_regular_city, st_stairs_13,
          beast_lair_carwin_2
Lair:2:   dreamdust_cave_troll, layout_cave_pods, st_stairs_7, uniq_nergalle
Lair:3:   layout_roguey, minmay_swamp_entry_swarm,
          nicolae_spider_entry_tight_spaces, infiniplex_staircase_pool_2
Lair:4:   layout_cave_pods, beast_lair_carwin_5, grunt_megastairs_4,
          lemuel_fruit_tree, serial_bayou_shore_a
Lair:5:   evil_forest, layout_hall_layers, minmay_slime_entry_oklob_enclosed,
          nicolae_volcano_entry_hallway, evilmike_ambush
          [evilmike_ambush_outer_basic, evilmike_ambush_inner_pond],
          serial_bayou_shore_b, infiniplex_staircase_pool
Swamp:1:  layout_basic_swamp, portal_ice_cave_entry_ugly_swarm,
          evilmike_swamp_ruin_house_5, lemuel_altar_in_water
Swamp:2:  layout_basic_swamp, nicolae_swamp_very_dense_foliage
Swamp:3:  nicolae_swamp_long_stream, layout_basic_swamp, hangedman_swamp_lotus,
          swamp_pool5
Swamp:4:  byrel_swamp_growth_death_and_undeath, layout_basic_swamp
Spider:1: layout_spider_delve, uniq_louise, uniq_roxanne, uniq_frances
Spider:2: layout_chambers
Spider:3: layout_spider_delve, drop_trap, uniq_donald
Orc:1:    layout_diamond_mine
Orc:2:    kennysheep_orc_mage_school, layout_diamond_mine,
          nicolae_shop_vocational, uniq_erolcha

Skill      XL: |  1  2  3  4  5  6  7  8  9 10 11 12 13 14 15 16 17 |
---------------+----------------------------------------------------+-----
Axes           | 4 5 7 9 10 12 14 16 18 | 18.0
Fighting       | 4 5 6 7 8 9 11 13 15 17 19 | 19.0
Shields        | 4 7 9 10 11 13 14 16 18 20 | 20.0
Armour         | 3 5 8 10 12 13 15 16 | 16.8
Throwing       | 1 2 3 7 9 |  9.0
Dodging        | 4 5 6 |  6.0

Action                   |  1- 3 |  4- 6 |  7- 9 | 10-12 | 13-15 | 16-18 || total
-------------------------+-------+-------+-------+-------+-------+-------++-------
Melee: Hand axe          |    75 |    38 |       |     2 |    28 |    46 ||   189
       Headbutt          |     8 |     7 |    47 |   110 |   227 |   165 ||   564
       Punch             |     1 |     1 |       |       |       |       ||     2
       War axe           |       |    37 |    40 |       |       |       ||    77
       Broad axe         |       |       |   236 |   550 |   837 |   640 ||  2263
Throw: Boomerang         |       |    15 |    75 |   106 |    78 |       ||   274
       Javelin           |       |       |       |       |    65 |   118 ||   183
Invok: Berserk           |     2 |     5 |    13 |    19 |    36 |    19 ||    94
       Brothers in Arms  |       |       |       |     1 |    10 |    10 ||    21
       Trog's Hand       |       |       |       |       |     9 |     5 ||    14
  Use: Scroll            |     3 |     4 |    11 |     9 |     5 |    11 ||    43
       Potion            |     1 |     2 |     4 |       |       |    11 ||    18
Armor: Animal skin       |     4 |       |       |       |       |       ||     4
       Ring mail         |     5 |    10 |     2 |       |       |       ||    17
       Scale mail        |       |       |    46 |       |       |       ||    46
       Chain mail        |       |       |    40 |       |       |       ||    40
       Plate armour      |       |       |    37 |   318 |   456 |   429 ||  1240
Dodge: Dodged            |    37 |    26 |    96 |   187 |   215 |   174 ||   735
Block: Kite shield       |       |       |   127 |   345 |   490 |   135 ||  1097
       Tower shield      |       |       |       |       |       |   353 ||   353

Table legend:
 A = Non-vault XP
 B = Vault XP
 C = Vault XP percentage of total XP
 D = Non-vault monster count
 E = Vault monster count
 F = Vault count percentage of total count
                 A         B        C        D         E       F
            +---------+---------+-------+---------+---------+-------
      Total |  182080 |   72170 |  28.4 |     722 |     233 |  24.4
            +---------+---------+-------+---------+---------+-------
        D:1 |      31 |       0 |   0.0 |      20 |       0 |   0.0
        D:2 |     118 |     312 |  72.6 |      18 |       3 |  14.3
        D:3 |     289 |      38 |  11.6 |      32 |       1 |   3.0
        D:4 |     310 |       0 |   0.0 |      23 |       0 |   0.0
        D:5 |     601 |     148 |  19.8 |      20 |       7 |  25.9
        D:6 |    1197 |     725 |  37.7 |      32 |       3 |   8.6
        D:7 |    1776 |       0 |   0.0 |      27 |       0 |   0.0
        D:8 |     895 |    1502 |  62.7 |      15 |       1 |   6.2
        D:9 |    2673 |    1151 |  30.1 |      17 |      47 |  73.4
       D:10 |    2039 |       0 |   0.0 |      18 |       0 |   0.0
       D:11 |    4936 |       0 |   0.0 |      20 |       0 |   0.0
       D:12 |    4647 |     929 |  16.7 |      12 |       3 |  20.0
       D:13 |    9022 |   11860 |  56.8 |      21 |      27 |  56.2
       D:14 |    8283 |    5769 |  41.1 |      14 |       5 |  26.3
       D:15 |   12273 |    7000 |  36.3 |      23 |      14 |  37.8
     Lair:1 |    5791 |     465 |   7.4 |      28 |       4 |  12.5
     Lair:2 |   11280 |    1631 |  12.6 |      37 |       3 |   7.5
     Lair:3 |    3995 |    2310 |  36.6 |      17 |      11 |  39.3
     Lair:4 |    5392 |    4051 |  42.9 |      20 |      14 |  41.2
     Lair:5 |    6344 |   12717 |  66.7 |      25 |      33 |  56.9
    Swamp:1 |    4284 |    5625 |  56.8 |       7 |      10 |  58.8
    Swamp:2 |   10014 |       0 |   0.0 |      19 |       0 |   0.0
    Swamp:3 |   16118 |     397 |   2.4 |      27 |       3 |  10.0
    Swamp:4 |   14058 |    2346 |  14.3 |      29 |       5 |  14.7
   Spider:1 |   10514 |    4009 |  27.6 |      24 |       3 |  11.1
   Spider:2 |   21211 |       0 |   0.0 |      57 |       0 |   0.0
   Spider:3 |   15793 |    1290 |   7.6 |      38 |       1 |   2.6
      Orc:1 |    5803 |       0 |   0.0 |      55 |       0 |   0.0
      Orc:2 |    2393 |    7895 |  76.7 |      27 |      35 |  56.5
            +---------+---------+-------+---------+---------+-------
